Oilers vs Ducks

Created - November 6, 2015 at 17:56

Goals
1 2 3 T
Oilers 1 1 4 6
Ducks 1 0 2 3
Shots
1 2 3 T
Oilers 10 11 13 34
Ducks 14 16 6 36

1st period

1. Oilers , Kyle Quincey 1 (Justin Williams, Tyler Bozak) at 6:53
2. Ducks , Jordan Staal 4 (John Klingberg, John Scott) at 12:58

Penalties :
Wayne Simmonds (ANA) for Cross-checking (Minor) at 1:54, Marc Methot (EDM) for Interference (Minor) at 1:54, Antoine Vermette (EDM) for Holding (Minor) at 8:11, Antoine Vermette (EDM) for Holding (Minor) at 10:13, Alec Martinez (ANA) for Tripping (Minor) at 14:47

2nd period

3. Oilers , Tyler Bozak 6 (Marc-Edouard Vlasic, Marco Scandella) at 13:18 (PP)

Penalties :
Justin Williams (EDM) for Tripping (Minor) at 0:21, Marc Methot (EDM) for Hooking (Minor) at 2:39, Mark Scheifele (ANA) for Hooking (Minor) at 11:30, Antoine Vermette (EDM) for Roughing (Minor) at 14:11

3rd period

4. Ducks , Dave Bolland 4 (John Klingberg, Wayne Simmonds) at 0:25
5. Oilers , Brian Flynn 1 (Dominic Moore, Jeff Schultz) at 5:48
6. Oilers , Marco Scandella 5 (Tyler Bozak, Marc-Edouard Vlasic) at 9:34
7. Oilers , Gabriel Landeskog 5 (Mikkel Boedker, Ryan Kesler) at 12:42
8. Ducks , Dave Bolland 5 (Anton Lander, Wayne Simmonds) at 15:58
9. Oilers , Ryan Kesler 7 (Brian Campbell) at 16:48

Penalties :
Roman Polak (ANA) for Hooking (Minor) at 0:51, John Scott (ANA) for Hooking (Minor) at 3:05, Dennis Seidenberg (ANA) for Roughing (Minor) at 10:17, Ryan Kesler (EDM) for Hooking (Minor) at 18:07

Goalie Stats

Kari Lehtonen (EDM), 33 saves from 36 shots - (0.917), W, 7-4-1, 60:00 minutes
Craig Anderson (ANA), 28 saves from 34 shots - (0.824), L, 6-4-2, 60:00 minutes

Players Stats for Oilers

Player Name              G  A  P  +/- PIM S  H  SB GA TA FO     MP     PP MP  PK MP  
------------------------------------------------------------------------------------
Aleksander Barkov        0  0  0  -2  0   0  0  0  0  0  10/14   9:40   0:00   3:09 
Antoine Vermette         0  0  0   2  6   2  1  0  0  0  0/0    13:11   0:00   1:55 
Brian Campbell           0  1  1   1  0   2  0  2  0  0  0/0    23:36   4:33   6:08 
Brian Flynn              1  0  1   1  0   1  0  0  0  0  1/1     9:02   0:00   4:00 
Dominic Moore            0  1  1   1  0   0  1  0  0  0  8/22   13:30   0:00   6:57 
Drew Miller              0  0  0   1  0   2  2  1  0  0  1/2    13:30   0:00   6:57 
Gabriel Landeskog        1  0  1   1  0   3  3  0  0  0  1/1    19:23   4:41   0:36 
Jeff Schultz             0  1  1   1  0   0  0  2  0  0  0/0    17:47   0:00   5:39 
Justin Williams          0  1  1   2  2   3  0  0  0  0  0/2    16:21   5:03   0:00 
Kyle Quincey             1  0  1   1  0   1  2  4  0  0  0/0    20:49   0:00   5:39 
Marc Methot              0  0  0   1  4   1  6  1  0  0  0/0    15:55   4:33   0:00 
Marc-Edouard Vlasic      0  2  2   0  0   4  1  1  0  0  0/0    23:14   5:11   6:08 
Marco Scandella          1  1  2   0  0   3  3  3  0  0  0/0    18:37   5:11   0:00 
Mikkel Boedker           0  1  1   1  0   3  1  0  0  0  1/1    18:47   4:41   0:00 
Nail Yakupov             0  0  0  -2  0   0  0  0  0  0  0/0     6:17   0:00   0:00 
Ryan Kesler              1  1  2   1  2   3  2  0  0  0  10/25  18:46   4:41   0:00 
Scottie Upshall          0  0  0  -2  0   0  3  0  0  0  1/1    11:20   5:03   0:00 
Tyler Bozak              1  2  3   2  0   6  1  2  0  0  17/29  16:22   5:03   0:00 

Players Stats for Ducks

Player Name              G  A  P  +/- PIM S  H  SB GA TA FO     MP     PP MP  PK MP  
------------------------------------------------------------------------------------
Adam Lowry               0  0  0  -1  0   1  0  1  0  0  1/2    12:03   0:00   0:00 
Alec Martinez            0  0  0  -1  2   0  0  1  0  0  0/0    16:26   6:10   0:19 
Anton Lander             0  1  1   1  0   4  1  0  0  0  0/1    18:32   6:04   0:14 
Ben Chiarot              0  0  0  -3  0   1  2  0  0  0  0/0    13:37   0:00   4:39 
Boone Jenner             0  0  0  -2  0   5  1  0  0  0  0/1    18:57   5:43   0:00 
Brandon Dubinsky         0  0  0  -1  0   3  1  0  0  0  11/19  19:05   6:04   0:00 
Dave Bolland             2  0  2   1  0   3  1  0  0  0  11/27  16:04   0:00   3:48 
Dennis Seidenberg        0  0  0   1  2   1  2  1  0  0  0/0    13:01   0:00   4:07 
Jarome Iginla            0  0  0  -1  0   2  0  0  0  0  2/3    20:12   6:04   1:07 
John Klingberg           0  2  2   1  0   2  0  0  0  0  0/0    18:59   5:37   1:39 
John Scott               0  1  1   1  2   1  0  2  0  0  0/0    16:14   5:37   0:00 
Jordan Staal             1  0  1  -2  0   2  0  0  0  0  10/24  13:12   0:00   0:00 
Mark Scheifele           0  0  0  -2  2   3  0  0  0  0  7/10   21:00   5:43   3:14 
Paul Gaustad             0  0  0   0  0   0  0  0  0  0  4/9     6:40   0:00   5:42 
Roman Polak              0  0  0  -3  2   0  2  1  0  0  0/0    11:31   0:00   3:39 
Wayne Simmonds           0  2  2   1  2   7  1  0  0  0  1/1    17:07   5:43   0:00 
Willie Mitchell          0  0  0   1  0   0  0  3  0  0  0/0    14:00   0:00   5:05 
Yannick Weber            0  0  0  -1  0   1  0  2  0  0  1/1    21:31   6:10   5:23 

3 Stars

1 - Tyler Bozak (EDM)
2 - Dave Bolland (ANA)
3 - Marco Scandella (EDM)

Power Play

Oilers - 1 on 5 Attempt(s) - 20.00%
Ducks - 0 on 6 Attempt(s) - 0.00%

Penalty Kill

Oilers - 6 on 6 Attempt(s) - 100.00% - Score 0 goal in Penalty Kill
Ducks - 4 on 5 Attempt(s) - 80.00% - Score 0 goal in Penalty Kill

Team Stat

Oilers - Hits : 26 - Faceoff Wins : 50 - Blocked Shots : 16 - Penalty Minutes : 14
Ducks - Hits : 11 - Faceoff Wins : 48 - Blocked Shots : 11 - Penalty Minutes : 12

Official

Referees : Tom Kowal and Garrett Rank
Linesman : Brian Mach and Mark Wheler

Game Notes

No Game Note

Finance

Level 1 -- Attendance: 5812 (89.42%) -- Ticket Income $639,320
Level 2 -- Attendance: 4828 (96.56%) -- Ticket Income $362,100
Level 3 -- Attendance: 2600 (100.00%) -- Ticket Income $145,600
Level 4 -- Attendance: 2074 (100.00%) -- Ticket Income $82,960
Luxury Box -- Attendance: 1000 (100.00%) -- Ticket Income $199,000
Game was played at the Honda Center.
Total Attendance: 16314 (94.99%)
Total Ticket Income: $1,428,980
Other Income: $214,347
Total Income: $1,643,327

% Time on Ice - Oilers

Lines # - Real PCT - Wanted PCT - Time Play
Normal Forward
1 - 39% - 36% - 14:06
2 - 31% - 30% - 11:19
3 - 17% - 20% - 6:17
4 - 13% - 14% - 4:48
Normal Defense
1 - 32% - 30% - 11:41
2 - 31% - 30% - 11:24
3 - 33% - 29% - 12:08
4 - 4% - 11% - 1:17
PP Forward
1 - 48% - 55% - 4:41
2 - 52% - 45% - 5:03
PP Defense
1 - 53% - 50% - 5:11
2 - 47% - 50% - 4:33
PK Forward
1 - 66% - 60% - 7:47
2 - 34% - 40% - 4:00
PK Defense
1 - 48% - 50% - 5:39
2 - 52% - 50% - 6:08
PK3 Forward
1 - 0% - 50%
2 - 0% - 50%
PK3 Defense
1 - 0% - 50%
2 - 0% - 50%
44 Forward
1 - 12% - 50% - 0:14
2 - 88% - 50% - 1:45
44 Defense
1 - 88% - 50% - 1:45
2 - 12% - 50% - 0:14
Last Minute Offensive  - 0:00
Last Minute Defensive  - 0:00
Total
Forward - 60:00
Defense - 60:00

% Time on Ice - Ducks

Lines # - Real PCT - Wanted PCT - Time Play
Normal Forward
1 - 33% - 31% - 12:03
2 - 33% - 31% - 12:04
3 - 31% - 31% - 11:25
4 - 3% - 7% - 0:58
Normal Defense
1 - 29% - 27% - 10:38
2 - 25% - 25% - 9:04
3 - 24% - 25% - 8:55
4 - 22% - 23% - 7:53
PP Forward
1 - 51% - 58% - 6:04
2 - 49% - 42% - 5:43
PP Defense
1 - 48% - 59% - 5:37
2 - 52% - 41% - 6:10
PK Forward
1 - 61% - 58% - 5:56
2 - 39% - 42% - 3:48
PK Defense
1 - 52% - 59% - 5:05
2 - 48% - 41% - 4:39
PK3 Forward
1 - 0% - 52%
2 - 0% - 48%
PK3 Defense
1 - 0% - 59%
2 - 0% - 41%
44 Forward
1 - 57% - 56% - 1:08
2 - 43% - 44% - 0:51
44 Defense
1 - 55% - 52% - 1:05
2 - 45% - 48% - 0:54
Last Minute Offensive  - 0:00
Last Minute Defensive  - 0:00
Total
Forward - 60:00
Defense - 60:00

Play by Play

1st period


0:01 of 1st period - Ryan Kesler wins face-off versus Adam Lowry in neutral zone.
1:45 of 1st period - Icing by Brian Campbell.
1:46 of 1st period - Tyler Bozak wins face-off versus Dave Bolland in Oilers zone.
1:53 of 1st period - Shot by Anton Lander.
1:53 of 1st period - Shot Blocked by Tyler Bozak.
1:54 of 1st period - Minor Penalty to Wayne Simmonds for Cross-checking.
1:54 of 1st period - Minor Penalty to Marc Methot for Interference.
1:55 of 1st period - Brian Flynn wins face-off versus Jordan Staal in Oilers zone.
2:08 of 1st period - Shot by Anton Lander.
2:08 of 1st period - Stopped by Kari Lehtonen without a rebound.
2:09 of 1st period - Dominic Moore wins face-off versus Dave Bolland in Oilers zone.
2:23 of 1st period - Shot by Dave Bolland.
2:23 of 1st period - Stopped by Kari Lehtonen with a rebound.
2:25 of 1st period - Shot by Ben Chiarot.
2:25 of 1st period - Stopped by Kari Lehtonen with a rebound.
2:27 of 1st period - Shot by Dave Bolland.
2:27 of 1st period - Shot Misses the Net.
2:40 of 1st period - Icing by Kyle Quincey.
2:41 of 1st period - Dominic Moore wins face-off versus Jordan Staal in Oilers zone.
2:56 of 1st period - Icing by Marco Scandella.
2:57 of 1st period - Dominic Moore wins face-off versus Jordan Staal in Oilers zone.
3:16 of 1st period - Yannick Weber is hit by Dominic Moore and loses puck.
3:44 of 1st period - Shot by Anton Lander.
3:44 of 1st period - Shot Misses the Net.
3:59 of 1st period - Off-side.
4:00 of 1st period - Aleksander Barkov wins face-off versus Brandon Dubinsky in neutral zone.
4:39 of 1st period - Jarome Iginla is hit by Scottie Upshall and loses puck.
4:56 of 1st period - Aleksander Barkov is hit by Wayne Simmonds and loses puck.
5:07 of 1st period - Nail Yakupov is hit by Dave Bolland and loses puck.
5:14 of 1st period - Shot by Anton Lander.
5:14 of 1st period - Shot Misses the Net.
5:16 of 1st period - Shot by Anton Lander.
5:16 of 1st period - Stopped by Kari Lehtonen without a rebound.
5:17 of 1st period - Tyler Bozak wins face-off versus Jordan Staal in Oilers zone.
5:22 of 1st period - Shot by Antoine Vermette.
5:22 of 1st period - Deflect By Justin Williams.
5:22 of 1st period - Shot Misses the Net.
5:36 of 1st period - Shot by Boone Jenner.
5:36 of 1st period - Stopped by Kari Lehtonen without a rebound.
5:37 of 1st period - Dave Bolland wins face-off versus Ryan Kesler in Oilers zone.
5:37 of 1st period - Dave Bolland is hit by Marco Scandella.
6:13 of 1st period - Shot by Marco Scandella.
6:13 of 1st period - Stopped by Craig Anderson with a rebound.
6:47 of 1st period - Shot by Antoine Vermette.
6:47 of 1st period - Shot Misses the Net.
6:49 of 1st period - Shot by Kyle Quincey.
6:49 of 1st period - Shot Blocked by Yannick Weber.
6:51 of 1st period - Shot by Tyler Bozak.
6:51 of 1st period - Deflect By Justin Williams.
6:51 of 1st period - Stopped by Craig Anderson with a rebound.
6:53 of 1st period - Shot by Kyle Quincey.
6:53 of 1st period - Goal by Kyle Quincey - Oilers : 1 - Ducks : 0.
6:54 of 1st period - Dominic Moore wins face-off versus Paul Gaustad in neutral zone.
7:59 of 1st period - John Scott is hit by Drew Miller and loses puck.
8:11 of 1st period - Minor Penalty to Antoine Vermette for Holding.
8:12 of 1st period - Aleksander Barkov wins face-off versus Mark Scheifele in Oilers zone.
8:37 of 1st period - Shot by Wayne Simmonds.
8:37 of 1st period - Stopped by Kari Lehtonen without a rebound.
8:38 of 1st period - Jarome Iginla wins face-off versus Dominic Moore in Oilers zone.
9:01 of 1st period - Shot by Anton Lander.
9:01 of 1st period - Shot Blocked by Marc-Edouard Vlasic.
9:18 of 1st period - Icing by Anton Lander.
9:19 of 1st period - Brandon Dubinsky wins face-off versus Aleksander Barkov in Ducks zone.
10:03 of 1st period - Shot by Aleksander Barkov.
10:03 of 1st period - Shot Blocked by Alec Martinez.
10:05 of 1st period - Shot by Brian Campbell.
10:05 of 1st period - Stopped by Craig Anderson without a rebound.
10:06 of 1st period - Mark Scheifele wins face-off versus Dominic Moore in Ducks zone.
10:13 of 1st period - Minor Penalty to Antoine Vermette for Holding.
10:14 of 1st period - Mark Scheifele wins face-off versus Dominic Moore in Oilers zone.
10:58 of 1st period - Icing by Boone Jenner.
10:59 of 1st period - Mark Scheifele wins face-off versus Dominic Moore in Ducks zone.
11:12 of 1st period - Icing by Wayne Simmonds.
11:13 of 1st period - Mark Scheifele wins face-off versus Dominic Moore in Ducks zone.
11:58 of 1st period - Shot by John Scott.
11:58 of 1st period - Stopped by Kari Lehtonen without a rebound.
11:59 of 1st period - Aleksander Barkov wins face-off versus Mark Scheifele in Oilers zone.
12:05 of 1st period - Icing by Alec Martinez.
12:06 of 1st period - Mark Scheifele wins face-off versus Aleksander Barkov in Ducks zone.
12:28 of 1st period - Icing by Kyle Quincey.
12:29 of 1st period - Tyler Bozak wins face-off versus Dave Bolland in Oilers zone.
12:34 of 1st period - Shot by Justin Williams.
12:34 of 1st period - Deflect By Tyler Bozak.
12:34 of 1st period - Stopped by Craig Anderson without a rebound.
12:35 of 1st period - Ryan Kesler wins face-off versus Jordan Staal in Ducks zone.
12:58 of 1st period - Shot by Jordan Staal.
12:58 of 1st period - Goal by Jordan Staal - Oilers : 1 - Ducks : 1.
12:59 of 1st period - Wayne Simmonds wins face-off versus Tyler Bozak in neutral zone.
13:04 of 1st period - Shot by Anton Lander.
13:04 of 1st period - Deflect By Wayne Simmonds.
13:04 of 1st period - Stopped by Kari Lehtonen without a rebound.
13:05 of 1st period - Dave Bolland wins face-off versus Tyler Bozak in Oilers zone.
13:08 of 1st period - Shot by Anton Lander.
13:08 of 1st period - Shot Misses the Net.
13:10 of 1st period - Shot by Anton Lander.
13:10 of 1st period - Stopped by Kari Lehtonen without a rebound.
13:11 of 1st period - Ryan Kesler wins face-off versus Brandon Dubinsky in Oilers zone.
13:29 of 1st period - Shot by Ryan Kesler.
13:29 of 1st period - Deflect By Mikkel Boedker.
13:29 of 1st period - Stopped by Craig Anderson without a rebound.
13:30 of 1st period - Dave Bolland wins face-off versus Tyler Bozak in Ducks zone.
13:47 of 1st period - Shot by Tyler Bozak.
13:47 of 1st period - Deflect By Antoine Vermette.
13:47 of 1st period - Stopped by Craig Anderson without a rebound.
13:48 of 1st period - Ryan Kesler wins face-off versus Jordan Staal in Ducks zone.
13:49 of 1st period - Shot by Gabriel Landeskog.
13:49 of 1st period - Stopped by Craig Anderson without a rebound.
13:50 of 1st period - Jordan Staal wins face-off versus Ryan Kesler in Ducks zone.
13:55 of 1st period - Jordan Staal is hit by Mikkel Boedker and loses puck.
14:04 of 1st period - Shot by Ryan Kesler.
14:04 of 1st period - Shot Misses the Net.
14:06 of 1st period - Shot by Kyle Quincey.
14:06 of 1st period - Shot Misses the Net.
14:22 of 1st period - Shot by Ryan Kesler.
14:22 of 1st period - Shot Blocked by Yannick Weber.
14:47 of 1st period - Minor Penalty to Alec Martinez for Tripping.
14:48 of 1st period - Tyler Bozak wins face-off versus Paul Gaustad in Ducks zone.
14:53 of 1st period - Shot by Marco Scandella.
14:53 of 1st period - Shot Blocked by Willie Mitchell.
14:55 of 1st period - Shot by Scottie Upshall.
14:55 of 1st period - Shot Misses the Net.
14:57 of 1st period - Shot by Justin Williams.
14:57 of 1st period - Stopped by Craig Anderson with a rebound.
14:59 of 1st period - Shot by Scottie Upshall.
14:59 of 1st period - Shot Misses the Net.
15:01 of 1st period - Shot by Marco Scandella.
15:01 of 1st period - Stopped by Craig Anderson without a rebound.
15:02 of 1st period - Paul Gaustad wins face-off versus Tyler Bozak in Ducks zone.
16:31 of 1st period - Shot by Mikkel Boedker.
16:31 of 1st period - Shot Misses the Net.
17:35 of 1st period - Icing by Kyle Quincey.
17:36 of 1st period - Dave Bolland wins face-off versus Dominic Moore in Oilers zone.
17:43 of 1st period - Shot by Wayne Simmonds.
17:43 of 1st period - Stopped by Kari Lehtonen without a rebound.
17:44 of 1st period - Tyler Bozak wins face-off versus Jordan Staal in Oilers zone.
18:11 of 1st period - Shot by Boone Jenner.
18:11 of 1st period - Deflect By Mark Scheifele.
18:11 of 1st period - Stopped by Kari Lehtonen without a rebound.
18:12 of 1st period - Dave Bolland wins face-off versus Ryan Kesler in Oilers zone.
18:12 of 1st period - Dave Bolland is hit by Marc Methot.
18:21 of 1st period - Wayne Simmonds is hit by Marc Methot and loses puck.
18:40 of 1st period - Anton Lander is hit by Marc Methot and loses puck.
18:47 of 1st period - Shot by Anton Lander.
18:47 of 1st period - Deflect By Wayne Simmonds.
18:47 of 1st period - Shot Misses the Net.
19:11 of 1st period - Jarome Iginla is hit by Gabriel Landeskog and loses puck.
19:25 of 1st period - Shot by Jarome Iginla.
19:25 of 1st period - Deflect By Brandon Dubinsky.
19:25 of 1st period - Shot Misses the Net.
19:27 of 1st period - Shot by Brandon Dubinsky.
19:27 of 1st period - Stopped by Kari Lehtonen with a rebound.
19:29 of 1st period - Shot by Jarome Iginla.
19:29 of 1st period - Stopped by Kari Lehtonen without a rebound.
19:30 of 1st period - Tyler Bozak wins face-off versus Jordan Staal in Oilers zone.
Goals for this period are 1 for Oilers vs 1 for Ducks.
Shots for this period are 10 for Oilers vs 14 for Ducks.

2nd period


0:01 of 2nd period - Dave Bolland wins face-off versus Tyler Bozak in neutral zone.
0:09 of 2nd period - Icing by Kyle Quincey.
0:10 of 2nd period - Tyler Bozak wins face-off versus Jarome Iginla in Oilers zone.
0:14 of 2nd period - Icing by Kyle Quincey.
0:15 of 2nd period - Tyler Bozak wins face-off versus Anton Lander in Oilers zone.
0:21 of 2nd period - Minor Penalty to Justin Williams for Tripping.
0:22 of 2nd period - Brandon Dubinsky wins face-off versus Dominic Moore in Oilers zone.
0:34 of 2nd period - Shot by John Klingberg.
0:34 of 2nd period - Shot Blocked by Brian Campbell.
0:40 of 2nd period - Shot by Jarome Iginla.
0:40 of 2nd period - Shot Misses the Net.
0:42 of 2nd period - Shot by Brandon Dubinsky.
0:42 of 2nd period - Shot Misses the Net.
0:52 of 2nd period - Shot by Brandon Dubinsky.
0:52 of 2nd period - Stopped by Kari Lehtonen without a rebound.
0:53 of 2nd period - Mark Scheifele wins face-off versus Dominic Moore in Oilers zone.
0:58 of 2nd period - Shot by Boone Jenner.
0:58 of 2nd period - Deflect By Wayne Simmonds.
0:58 of 2nd period - Stopped by Kari Lehtonen without a rebound.
0:59 of 2nd period - Mark Scheifele wins face-off versus Dominic Moore in Oilers zone.
1:30 of 2nd period - Shot by Wayne Simmonds.
1:30 of 2nd period - Shot Misses the Net.
2:39 of 2nd period - Minor Penalty to Marc Methot for Hooking.
2:40 of 2nd period - Dominic Moore wins face-off versus Brandon Dubinsky in Oilers zone.
2:40 of 2nd period - Dominic Moore is hit by Brandon Dubinsky.
2:56 of 2nd period - Shot by Dominic Moore.
2:56 of 2nd period - Shot Hit the Post.
3:06 of 2nd period - Shot by Dominic Moore.
3:06 of 2nd period - Shot Blocked by John Scott.
3:56 of 2nd period - Shot by Mark Scheifele.
3:56 of 2nd period - Stopped by Kari Lehtonen without a rebound.
3:57 of 2nd period - Brandon Dubinsky wins face-off versus Dominic Moore in Oilers zone.
4:02 of 2nd period - Shot by Anton Lander.
4:02 of 2nd period - Shot Misses the Net.
4:04 of 2nd period - Shot by Alec Martinez.
4:04 of 2nd period - Shot Blocked by Drew Miller.
4:48 of 2nd period - Shot by Mikkel Boedker.
4:48 of 2nd period - Shot Misses the Net.
5:00 of 2nd period - Shot by Mikkel Boedker.
5:00 of 2nd period - Shot Blocked by Willie Mitchell.
5:02 of 2nd period - Shot by Ryan Kesler.
5:02 of 2nd period - Stopped by Craig Anderson without a rebound.
5:03 of 2nd period - Dave Bolland wins face-off versus Tyler Bozak in Ducks zone.
5:16 of 2nd period - Icing by Marc-Edouard Vlasic.
5:17 of 2nd period - Brandon Dubinsky wins face-off versus Tyler Bozak in Oilers zone.
5:28 of 2nd period - Shot by Adam Lowry.
5:28 of 2nd period - Shot Misses the Net.
5:30 of 2nd period - Shot by Jarome Iginla.
5:30 of 2nd period - Shot Misses the Net.
5:32 of 2nd period - Shot by Adam Lowry.
5:32 of 2nd period - Deflect By Jarome Iginla.
5:32 of 2nd period - Shot Blocked by Marco Scandella.
5:36 of 2nd period - Shot by Brandon Dubinsky.
5:36 of 2nd period - Shot Misses the Net.
5:42 of 2nd period - Shot by Brandon Dubinsky.
5:42 of 2nd period - Stopped by Kari Lehtonen with a rebound.
5:44 of 2nd period - Shot by Jarome Iginla.
5:44 of 2nd period - Shot Misses the Net.
5:46 of 2nd period - Shot by John Klingberg.
5:46 of 2nd period - Stopped by Kari Lehtonen without a rebound.
5:47 of 2nd period - Ryan Kesler wins face-off versus Dave Bolland in Oilers zone.
5:49 of 2nd period - Icing by Gabriel Landeskog.
5:50 of 2nd period - Jordan Staal wins face-off versus Ryan Kesler in Oilers zone.
5:55 of 2nd period - Shot by Yannick Weber.
5:55 of 2nd period - Stopped by Kari Lehtonen without a rebound.
5:56 of 2nd period - Jordan Staal wins face-off versus Ryan Kesler in Oilers zone.
6:09 of 2nd period - Shot by Mark Scheifele.
6:09 of 2nd period - Shot Misses the Net.
6:11 of 2nd period - Shot by Boone Jenner.
6:11 of 2nd period - Deflect By Mark Scheifele.
6:11 of 2nd period - Shot Blocked by Jeff Schultz.
6:13 of 2nd period - Shot by Boone Jenner.
6:13 of 2nd period - Stopped by Kari Lehtonen with a rebound.
6:26 of 2nd period - Shot by Boone Jenner.
6:26 of 2nd period - Stopped by Kari Lehtonen without a rebound.
6:27 of 2nd period - Aleksander Barkov wins face-off versus Dave Bolland in Oilers zone.
6:38 of 2nd period - Shot by Wayne Simmonds.
6:38 of 2nd period - Shot Blocked by Marc Methot.
6:40 of 2nd period - Shot by Dave Bolland.
6:40 of 2nd period - Deflect By Anton Lander.
6:40 of 2nd period - Stopped by Kari Lehtonen without a rebound.
6:41 of 2nd period - Brandon Dubinsky wins face-off versus Tyler Bozak in Oilers zone.
6:51 of 2nd period - Adam Lowry is hit by Marco Scandella and loses puck.
6:55 of 2nd period - Jarome Iginla is hit by Marco Scandella and loses puck.
7:00 of 2nd period - Shot by Jarome Iginla.
7:00 of 2nd period - Shot Blocked by Marco Scandella.
7:02 of 2nd period - Shot by John Klingberg.
7:02 of 2nd period - Shot Misses the Net.
7:37 of 2nd period - Shot by Wayne Simmonds.
7:37 of 2nd period - Stopped by Kari Lehtonen with a rebound.
7:52 of 2nd period - Wayne Simmonds is hit by Marc Methot and loses puck.
8:40 of 2nd period - Off-side.
8:41 of 2nd period - Jordan Staal wins face-off versus Aleksander Barkov in neutral zone.
9:02 of 2nd period - Mark Scheifele is hit by Kyle Quincey and loses puck.
9:34 of 2nd period - Off-side.
9:35 of 2nd period - Brandon Dubinsky wins face-off versus Tyler Bozak in neutral zone.
9:48 of 2nd period - Shot by Tyler Bozak.
9:48 of 2nd period - Stopped by Craig Anderson with a rebound.
9:50 of 2nd period - Shot by Marco Scandella.
9:50 of 2nd period - Shot Blocked by Adam Lowry.
9:52 of 2nd period - Shot by Antoine Vermette.
9:52 of 2nd period - Shot Misses the Net.
9:54 of 2nd period - Shot by Tyler Bozak.
9:54 of 2nd period - Stopped by Craig Anderson without a rebound.
9:55 of 2nd period - Dave Bolland wins face-off versus Ryan Kesler in Ducks zone.
9:55 of 2nd period - Dave Bolland is hit by Ryan Kesler.
10:37 of 2nd period - Icing by Brian Campbell.
10:38 of 2nd period - Brandon Dubinsky wins face-off versus Ryan Kesler in Oilers zone.
10:48 of 2nd period - Gabriel Landeskog is hit by Dennis Seidenberg and loses puck.
11:21 of 2nd period - Shot by Jarome Iginla.
11:21 of 2nd period - Shot Misses the Net.
11:23 of 2nd period - Shot by Dennis Seidenberg.
11:23 of 2nd period - Stopped by Kari Lehtonen without a rebound.
11:24 of 2nd period - Jordan Staal wins face-off versus Aleksander Barkov in Oilers zone.
11:25 of 2nd period - Shot by Boone Jenner.
11:25 of 2nd period - Shot Blocked by Marco Scandella.
11:30 of 2nd period - Minor Penalty to Mark Scheifele for Hooking.
11:31 of 2nd period - Paul Gaustad wins face-off versus Justin Williams in Ducks zone.
11:56 of 2nd period - Paul Gaustad is hit by Scottie Upshall and loses puck.
12:09 of 2nd period - Shot by Marc-Edouard Vlasic.
12:09 of 2nd period - Stopped by Craig Anderson without a rebound.
12:10 of 2nd period - Mikkel Boedker wins face-off versus Dave Bolland in Ducks zone.
12:19 of 2nd period - Shot by Gabriel Landeskog.
12:19 of 2nd period - Shot Misses the Net.
12:29 of 2nd period - Shot by Brian Campbell.
12:29 of 2nd period - Deflect By Gabriel Landeskog.
12:29 of 2nd period - Shot Blocked by Dennis Seidenberg.
12:59 of 2nd period - Shot by Marc-Edouard Vlasic.
12:59 of 2nd period - Stopped by Craig Anderson without a rebound.
13:00 of 2nd period - Tyler Bozak wins face-off versus Paul Gaustad in Ducks zone.
13:18 of 2nd period - Shot by Tyler Bozak.
13:18 of 2nd period - Goal by Tyler Bozak - Oilers : 2 - Ducks : 1.
13:19 of 2nd period - Dominic Moore wins face-off versus Dave Bolland in neutral zone.
13:41 of 2nd period - Off-side.
13:42 of 2nd period - Brandon Dubinsky wins face-off versus Ryan Kesler in neutral zone.
13:42 of 2nd period - Adam Lowry is hit by Gabriel Landeskog and loses puck.
14:03 of 2nd period - Shot by Gabriel Landeskog.
14:03 of 2nd period - Deflect By Ryan Kesler.
14:03 of 2nd period - Shot Misses the Net.
14:05 of 2nd period - Shot by Ryan Kesler.
14:05 of 2nd period - Shot Misses the Net.
14:07 of 2nd period - Shot by Mikkel Boedker.
14:07 of 2nd period - Stopped by Craig Anderson without a rebound.
14:08 of 2nd period - Dave Bolland wins face-off versus Tyler Bozak in Ducks zone.
14:08 of 2nd period - Dave Bolland is hit by Antoine Vermette.
14:11 of 2nd period - Minor Penalty to Antoine Vermette for Roughing.
14:12 of 2nd period - Dominic Moore wins face-off versus Mark Scheifele in Oilers zone.
14:53 of 2nd period - Shot by Mark Scheifele.
14:53 of 2nd period - Shot Misses the Net.
14:55 of 2nd period - Shot by Mark Scheifele.
14:55 of 2nd period - Stopped by Kari Lehtonen with a rebound.
16:16 of 2nd period - Shot by Justin Williams.
16:16 of 2nd period - Shot Misses the Net.
16:18 of 2nd period - Shot by Marc Methot.
16:18 of 2nd period - Stopped by Craig Anderson with a rebound.
16:20 of 2nd period - Shot by Tyler Bozak.
16:20 of 2nd period - Shot Misses the Net.
16:33 of 2nd period - Tyler Bozak is hit by Roman Polak and loses puck.
17:08 of 2nd period - Shot by Ryan Kesler.
17:08 of 2nd period - Stopped by Craig Anderson without a rebound.
17:09 of 2nd period - Aleksander Barkov wins face-off versus Dave Bolland in Ducks zone.
17:27 of 2nd period - Icing by Anton Lander.
17:28 of 2nd period - Ryan Kesler wins face-off versus Dave Bolland in Ducks zone.
17:36 of 2nd period - Off-side.
17:37 of 2nd period - Jordan Staal wins face-off versus Justin Williams in neutral zone.
18:04 of 2nd period - Jordan Staal is hit by Tyler Bozak and loses puck.
18:09 of 2nd period - Shot by Tyler Bozak.
18:09 of 2nd period - Stopped by Craig Anderson without a rebound.
18:10 of 2nd period - Aleksander Barkov wins face-off versus Dave Bolland in Ducks zone.
18:30 of 2nd period - Shot by Wayne Simmonds.
18:30 of 2nd period - Stopped by Kari Lehtonen without a rebound.
18:31 of 2nd period - Jordan Staal wins face-off versus Ryan Kesler in Oilers zone.
18:32 of 2nd period - Shot by Boone Jenner.
18:32 of 2nd period - Stopped by Kari Lehtonen without a rebound.
18:33 of 2nd period - Jordan Staal wins face-off versus Ryan Kesler in Oilers zone.
19:39 of 2nd period - Shot by Wayne Simmonds.
19:39 of 2nd period - Shot Blocked by Brian Campbell.
19:41 of 2nd period - Shot by John Scott.
19:41 of 2nd period - Shot Misses the Net.
19:43 of 2nd period - Shot by John Klingberg.
19:43 of 2nd period - Stopped by Kari Lehtonen with a rebound.
19:45 of 2nd period - Shot by Wayne Simmonds.
19:45 of 2nd period - Stopped by Kari Lehtonen without a rebound.
19:46 of 2nd period - Tyler Bozak wins face-off versus Brandon Dubinsky in Oilers zone.
19:57 of 2nd period - Shot by Antoine Vermette.
19:57 of 2nd period - Shot Misses the Net.
19:59 of 2nd period - Shot by Marc-Edouard Vlasic.
19:59 of 2nd period - Stopped by Craig Anderson without a rebound.
Goals for this period are 1 for Oilers vs 0 for Ducks.
Shots for this period are 11 for Oilers vs 16 for Ducks.

3rd period


0:01 of 3rd period - Aleksander Barkov wins face-off versus Dave Bolland in neutral zone.
0:21 of 3rd period - Shot by Wayne Simmonds.
0:21 of 3rd period - Shot Blocked by Kyle Quincey.
0:23 of 3rd period - Shot by John Klingberg.
0:23 of 3rd period - Shot Blocked by Kyle Quincey.
0:25 of 3rd period - Shot by Dave Bolland.
0:25 of 3rd period - Goal by Dave Bolland - Oilers : 2 - Ducks : 2.
0:26 of 3rd period - Tyler Bozak wins face-off versus Brandon Dubinsky in neutral zone.
0:29 of 3rd period - Shot by Antoine Vermette.
0:29 of 3rd period - Deflect By Justin Williams.
0:29 of 3rd period - Stopped by Craig Anderson without a rebound.
0:30 of 3rd period - Tyler Bozak wins face-off versus Brandon Dubinsky in Ducks zone.
0:30 of 3rd period - Tyler Bozak is hit by Roman Polak.
0:50 of 3rd period - Shot by Tyler Bozak.
0:50 of 3rd period - Shot Misses the Net.
0:51 of 3rd period - Minor Penalty to Roman Polak for Hooking.
0:52 of 3rd period - Paul Gaustad wins face-off versus Ryan Kesler in Ducks zone.
0:52 of 3rd period - Paul Gaustad is hit by Ryan Kesler.
1:25 of 3rd period - Icing by Brian Campbell.
1:26 of 3rd period - Yannick Weber wins face-off versus Ryan Kesler in Oilers zone.
1:26 of 3rd period - Yannick Weber is hit by Marc Methot.
3:00 of 3rd period - Shot by Brian Flynn.
3:00 of 3rd period - Shot Misses the Net.
3:05 of 3rd period - Minor Penalty to John Scott for Hooking.
3:06 of 3rd period - Gabriel Landeskog wins face-off versus Paul Gaustad in Ducks zone.
3:23 of 3rd period - Shot by Brian Campbell.
3:23 of 3rd period - Shot Misses the Net.
4:11 of 3rd period - Marc-Edouard Vlasic is hit by Dennis Seidenberg and loses puck.
4:20 of 3rd period - Shot by Tyler Bozak.
4:20 of 3rd period - Stopped by Craig Anderson with a rebound.
4:58 of 3rd period - Shot by Brian Campbell.
4:58 of 3rd period - Stopped by Craig Anderson with a rebound.
5:31 of 3rd period - Icing by Kyle Quincey.
5:32 of 3rd period - Dominic Moore wins face-off versus Jordan Staal in Oilers zone.
5:36 of 3rd period - Icing by Brian Flynn.
5:37 of 3rd period - Adam Lowry wins face-off versus Dominic Moore in Oilers zone.
5:38 of 3rd period - Shot by Jarome Iginla.
5:38 of 3rd period - Shot Misses the Net.
5:46 of 3rd period - Shot by Brian Flynn.
5:46 of 3rd period - Shot Misses the Net.
5:48 of 3rd period - Shot by Brian Flynn.
5:48 of 3rd period - Goal by Brian Flynn - Oilers : 3 - Ducks : 2.
5:49 of 3rd period - Tyler Bozak wins face-off versus Dave Bolland in neutral zone.
5:57 of 3rd period - Off-side.
5:58 of 3rd period - Tyler Bozak wins face-off versus Jordan Staal in neutral zone.
6:08 of 3rd period - Shot by Marc-Edouard Vlasic.
6:08 of 3rd period - Shot Blocked by Willie Mitchell.
6:11 of 3rd period - Icing by Dennis Seidenberg.
6:12 of 3rd period - Jordan Staal wins face-off versus Ryan Kesler in Ducks zone.
6:33 of 3rd period - Icing by Dennis Seidenberg.
6:34 of 3rd period - Tyler Bozak wins face-off versus Jordan Staal in Ducks zone.
6:47 of 3rd period - Shot by Jordan Staal.
6:47 of 3rd period - Shot Blocked by Tyler Bozak.
7:05 of 3rd period - Shot by Justin Williams.
7:05 of 3rd period - Deflect By Antoine Vermette.
7:05 of 3rd period - Stopped by Craig Anderson without a rebound.
7:06 of 3rd period - Ryan Kesler wins face-off versus Dave Bolland in Ducks zone.
7:15 of 3rd period - Shot by Mikkel Boedker.
7:15 of 3rd period - Shot Misses the Net.
7:25 of 3rd period - Shot by Gabriel Landeskog.
7:25 of 3rd period - Stopped by Craig Anderson without a rebound.
7:26 of 3rd period - Aleksander Barkov wins face-off versus Brandon Dubinsky in Ducks zone.
7:41 of 3rd period - Shot by Scottie Upshall.
7:41 of 3rd period - Shot Misses the Net.
8:28 of 3rd period - Shot by Anton Lander.
8:28 of 3rd period - Shot Misses the Net.
9:10 of 3rd period - Shot by Mikkel Boedker.
9:10 of 3rd period - Stopped by Craig Anderson without a rebound.
9:11 of 3rd period - Tyler Bozak wins face-off versus Jordan Staal in Ducks zone.
9:32 of 3rd period - Shot by Tyler Bozak.
9:32 of 3rd period - Shot Misses the Net.
9:34 of 3rd period - Shot by Marco Scandella.
9:34 of 3rd period - Goal by Marco Scandella - Oilers : 4 - Ducks : 2.
9:35 of 3rd period - Brandon Dubinsky wins face-off versus Dominic Moore in neutral zone.
10:17 of 3rd period - Minor Penalty to Dennis Seidenberg for Roughing.
10:18 of 3rd period - Paul Gaustad wins face-off versus Ryan Kesler in Ducks zone.
10:18 of 3rd period - Paul Gaustad is hit by Gabriel Landeskog.
10:34 of 3rd period - Shot by Marc-Edouard Vlasic.
10:34 of 3rd period - Stopped by Craig Anderson without a rebound.
10:35 of 3rd period - Tyler Bozak wins face-off versus Paul Gaustad in Ducks zone.
10:35 of 3rd period - Tyler Bozak is hit by Ben Chiarot.
10:57 of 3rd period - Shot by Marco Scandella.
10:57 of 3rd period - Shot Blocked by Roman Polak.
11:31 of 3rd period - Willie Mitchell is hit by Scottie Upshall and loses puck.
11:39 of 3rd period - Icing by Justin Williams.
11:40 of 3rd period - Scottie Upshall wins face-off versus Dave Bolland in Oilers zone.
12:00 of 3rd period - Icing by Ryan Kesler.
12:01 of 3rd period - Ryan Kesler wins face-off versus Dave Bolland in Oilers zone.
12:16 of 3rd period - Shot by Ryan Kesler.
12:16 of 3rd period - Shot Misses the Net.
12:18 of 3rd period - Shot by Drew Miller.
12:18 of 3rd period - Stopped by Craig Anderson without a rebound.
12:19 of 3rd period - Drew Miller wins face-off versus Dave Bolland in Ducks zone.
12:19 of 3rd period - Kyle Quincey is hit by Ben Chiarot and loses puck.
12:26 of 3rd period - Shot by Brian Flynn.
12:26 of 3rd period - Shot Misses the Net.
12:28 of 3rd period - Shot by Drew Miller.
12:28 of 3rd period - Stopped by Craig Anderson without a rebound.
12:29 of 3rd period - Ryan Kesler wins face-off versus Jordan Staal in Ducks zone.
12:40 of 3rd period - Shot by Mikkel Boedker.
12:40 of 3rd period - Shot Blocked by John Scott.
12:42 of 3rd period - Shot by Gabriel Landeskog.
12:42 of 3rd period - Goal by Gabriel Landeskog - Oilers : 5 - Ducks : 2.
12:43 of 3rd period - Dave Bolland wins face-off versus Tyler Bozak in neutral zone.
12:49 of 3rd period - Kyle Quincey is hit by Anton Lander and loses puck.
13:16 of 3rd period - Shot by Dave Bolland.
13:16 of 3rd period - Shot Blocked by Jeff Schultz.
13:36 of 3rd period - Shot by Boone Jenner.
13:36 of 3rd period - Deflect By Mark Scheifele.
13:36 of 3rd period - Shot Blocked by Kyle Quincey.
13:38 of 3rd period - Shot by Mark Scheifele.
13:38 of 3rd period - Shot Misses the Net.
13:40 of 3rd period - Shot by Jordan Staal.
13:40 of 3rd period - Deflect By Boone Jenner.
13:40 of 3rd period - Shot Blocked by Kyle Quincey.
13:54 of 3rd period - Shot by Boone Jenner.
13:54 of 3rd period - Shot Misses the Net.
14:15 of 3rd period - Shot by Jordan Staal.
14:15 of 3rd period - Shot Misses the Net.
14:37 of 3rd period - Shot by Adam Lowry.
14:37 of 3rd period - Stopped by Kari Lehtonen with a rebound.
15:15 of 3rd period - Icing by John Klingberg.
15:16 of 3rd period - Aleksander Barkov wins face-off versus Brandon Dubinsky in Ducks zone.
15:24 of 3rd period - Jarome Iginla is hit by Marc Methot and loses puck.
15:58 of 3rd period - Shot by Dave Bolland.
15:58 of 3rd period - Goal by Dave Bolland - Oilers : 5 - Ducks : 3.
15:59 of 3rd period - Jordan Staal wins face-off versus Dominic Moore in neutral zone.
15:59 of 3rd period - Alec Martinez is hit by Drew Miller.
16:16 of 3rd period - Shot by Jordan Staal.
16:16 of 3rd period - Deflect By Boone Jenner.
16:16 of 3rd period - Stopped by Kari Lehtonen without a rebound.
16:17 of 3rd period - Dave Bolland wins face-off versus Ryan Kesler in Oilers zone.
16:48 of 3rd period - Shot by Ryan Kesler.
16:48 of 3rd period - Goal by Ryan Kesler - Oilers : 6 - Ducks : 3.
16:49 of 3rd period - Aleksander Barkov wins face-off versus Boone Jenner in neutral zone.
16:49 of 3rd period - Marco Scandella is hit by Boone Jenner and loses puck.
17:13 of 3rd period - Shot by Jordan Staal.
17:13 of 3rd period - Stopped by Kari Lehtonen without a rebound.
17:14 of 3rd period - Brandon Dubinsky wins face-off versus Tyler Bozak in Oilers zone.
17:14 of 3rd period - Yannick Weber is hit by Kyle Quincey and loses puck.
17:28 of 3rd period - Off-side.
17:29 of 3rd period - Ryan Kesler wins face-off versus Jordan Staal in neutral zone.
17:41 of 3rd period - Boone Jenner is hit by Marc-Edouard Vlasic and loses puck.
18:07 of 3rd period - Minor Penalty to Ryan Kesler for Hooking.
18:08 of 3rd period - Brandon Dubinsky wins face-off versus Drew Miller in Oilers zone.
18:23 of 3rd period - Shot by Brandon Dubinsky.
18:23 of 3rd period - Shot Misses the Net.
18:25 of 3rd period - Shot by Jarome Iginla.
18:25 of 3rd period - Stopped by Kari Lehtonen without a rebound.
18:26 of 3rd period - Jarome Iginla wins face-off versus Dominic Moore in Oilers zone.
19:54 of 3rd period - Shot by Boone Jenner.
19:54 of 3rd period - Shot Misses the Net.
Goals for this period are 4 for Oilers vs 2 for Ducks.
Shots for this period are 13 for Oilers vs 6 for Ducks.